 Dungeon Crawl Stone Soup version 0.22-b1-26-g9dbaab1 (webtiles) character file.

1770 zishaf the Fighter (level 9, -2/76 HPs)
             Began as a Formicid Hunter on Aug 8, 2018.
             Was a Follower of Okawaru.
             Slain by a killer bee (3 damage)
             ... on level 6 of the Dungeon.
             The game lasted 00:15:13 (6945 turns).

zishaf the Fighter (Formicid Hunter)                Turns: 6945, Time: 00:15:16

Health: -2/76      AC: 19    Str: 21    XL:     9   Next: 28%
Magic:  7/9        EV:  8    Int: 14    God:    Okawaru [*.....]
Gold:   312        SH:  0    Dex: 11    Spells: 8/8 levels left

rFire    . . .     SeeInvis +   b - +2 short sword (venom)
rCold    . . .     Gourm    .   (no shield)
rNeg     . . .     Faith    .   t - +0 plate armour
rPois    .         Spirit   .   (helmet unavailable)
rElec    .         Reflect  .   D - +0 cloak
rCorr    .         Harm     .   u - +0 pair of gloves
MR       .....                  (no boots)
Stlth    ..........             (no amulet)
HPRegen  0.22/turn              n - -2 ring of evasion (curse)
MPRegen  0.11/turn              B - +4 ring of intelligence

@: lethally poisoned (-2 -> -19), heroism
A: permanent stasis, dig shafts and tunnels, four strong arms, antennae 3
a: Dig, Shaft Self, Heroism, Renounce Religion


You were on level 6 of the Dungeon.
You worshipped Okawaru.
Okawaru was aware of your devotion.
You were not hungry.

You visited 2 branches of the dungeon, and saw 8 of its levels.

You collected 312 gold pieces.

Inventory:

Hand Weapons
 a - a +1 hand crossbow
 b - a +2 short sword of venom (weapon)
 C - the +7 mace of the Asp {vamp, rElec, unknown}
   (You took it off a crimson imp on level 5 of the Dungeon)

   It inflicts no extra harm, but heals its wielder when it wounds a living foe.
   It insulates you from electricity.
 E - a +1 scimitar of holy wrath
Missiles
 d - 29 bolts
Armour
 t - a +0 plate armour (worn)
 u - a +0 pair of gloves (worn)
 D - a +0 cloak (worn)
Jewellery
 n - a cursed -2 ring of evasion (left hand)
 x - an uncursed ring of stealth
 B - a +4 ring of intelligence (right hand)
Wands
 z - a wand of flame (19)
 A - a wand of enslavement (14)
Scrolls
 h - 3 scrolls of teleportation
 i - 2 scrolls of remove curse
 j - 2 scrolls of enchant armour
 k - a scroll of magic mapping {unknown}
 p - 2 scrolls of random uselessness
 q - a scroll of blinking {unknown}
 r - a scroll of fog {unknown}
 v - 3 scrolls of identify
 w - 2 scrolls of noise {unknown}
 y - a scroll of fear {unknown}
Potions
 c - 2 potions of heal wounds {unknown}
 e - 2 potions of might {unknown}
 g - 2 potions of curing {unknown}
 l - a potion of brilliance {unknown}
 m - a potion of berserk rage {unknown}
 o - a potion of flight {unknown}
 s - 3 potions of haste {unknown}
 F - a potion of degeneration {unknown}
Comestibles
 f - 9 rations


   Skills:
 + Level 9.3(14.3) Fighting
 - Level 4.0(9.0) Crossbows
 + Level 8.4(13.4) Armour
 - Level 2.0(7.0) Dodging
 - Level 1.2(6.2) Stealth


You had 8 spell levels left.
You didn't know any spells.
Your spell library was empty.

Dungeon Overview and Level Annotations

Branches:
Dungeon (7/15)             Temple (1/1) D:5

Altars:
Ashenzari
Cheibriados
Dithmenos
Elyvilon
Fedhas
Gozag
Hepliaklqana
Kikubaaqudgha
Makhleb
Nemelex Xobeh
Okawaru
Qazlal
Ru
Sif Muna
Uskayaw
Vehumet
Wu Jian
Xom
Yredelemnul
Zin
The Shining One

Shops:
D:6 (

Annotations:
D:3 1 runed door, lad's ghost, amateur MiGl


Innate Abilities, Weirdness & Mutations

You cannot be hasted, slowed, berserked, paralysed or teleported.
You can dig through walls and to a lower floor.
Your four strong arms can wield two-handed weapons with a shield.
You have a pair of large antennae on your head. (SInv)


Message History

* * * LOW HITPOINT WARNING * * *
You are more poisoned.
The killer bee poisons you!
You hit the killer bee.
The killer bee is poisoned.
The killer bee is heavily wounded.
* * * LOW HITPOINT WARNING * * *
You feel sick. The killer bee barely misses you.
The killer bee closely misses you.
You miss the killer bee. Your punch misses the killer bee.
The killer bee is heavily wounded.
* * * LOW HITPOINT WARNING * * *
You feel sick.
The killer bee stings you but does no damage.
You miss the killer bee.
The killer bee is severely wounded.
* * * LOW HITPOINT WARNING * * *
You feel sick.
The killer bee stings you but does no damage.
The killer bee stings you.
You die...

#....#########.#.#.#..##.#.....
#.#### #........#.#..##.#.....
#.#######.#.....<........#.....
#.##....#...#.................)
##'##....######.#...##.##.......
#...'....'......#......##.......
#...#....######.#..###.##.......
#...#....# #.#..# #.##.......
#...#....# #@#..# #.##.......
#...#....# ###y#..###.#........
#...#....# #...>..............#
#...#....####.#..........#.....#
#####..................###.....'
#.#######.#................# #.#
#.#.#####..##..###.# #.#
#.#.#............#.. #.#
#.#.#.###..##...####


You could see a killer bee.

Vanquished Creatures
  2 orc warriors (D:6)
  A sky beast (D:6)
  An ogre (D:4)
  2 centaurs (D:6)
  A bullfrog (D:6)
  A scorpion (D:5)
  3 killer bees (D:6)
  A howler monkey (D:5)
  3 electric eels (D:4)
  2 crimson imps (D:5)
  2 bullfrog zombies (D:5)
  2 hounds (D:6)
  A centaur skeleton (D:4)
  4 orc priests (D:6)
  3 orc wizards
  Natasha (thrice) (D:3)
  3 iguanas
  4 worker ants
  Robin (D:2)
  8 adders
  3 gnolls (D:5)
  2 oozes
  A worm (D:2)
  A dart slug (D:2)
  4 leopard geckos
  18 orcs
  5 bats
  2 giant cockroaches
  15 goblins
  11 hobgoblins
  2 quokkas
  3 ball pythons
  2 frilled lizards
  2 kobolds
  A quokka skeleton (D:6)
  2 rats
122 creatures vanquished.

Notes
Turn   | Place    | Note
-------+----------+-------------------------------------------
     0 | D:1      | zishaf the Formicid Hunter began the quest for the Orb.
     0 | D:1      | Reached XP level 1. HP: 16/16 MP: 1/1
   161 | D:1      | Reached XP level 2. HP: 23/23 MP: 2/2
   399 | D:1      | Reached skill level 3 in Fighting
   817 | D:2      | Reached XP level 3. HP: 29/29 MP: 3/3
  1075 | D:2      | Reached skill level 1 in Armour
  1112 | D:2      | Reached XP level 4. HP: 36/37 MP: 4/4
  1159 | D:2      | Reached skill level 4 in Fighting
  1545 | D:3      | Noticed Natasha
  1550 | D:3      | Killed Natasha
  1550 | D:3      | Reached XP level 5. HP: 33/43 MP: 5/5
  1578 | D:3      | Noticed Robin
  1599 | D:2      | HP: 2/43 [goblin/dagger of draining[Robin] (1)]
  1905 | D:2      | Killed Robin
  1944 | D:3      | Found a runed door.
  1954 | D:3      | Noticed a bullfrog
  1955 | D:3      | Noticed lad's ghost (amateur MiGl)
  2056 | D:3      | Noticed Natasha
  2065 | D:3      | Killed Natasha
  2567 | D:3      | Noticed Natasha
  2577 | D:3      | Killed Natasha
  2577 | D:3      | Reached skill level 5 in Fighting
  2700 | D:3      | Found a runed door.
  2847 | D:4      | Reached XP level 6. HP: 47/51 MP: 6/6
  2955 | D:4      | Found a transporter.
  3391 | D:4      | Noticed an ogre
  3396 | D:4      | Killed an ogre
  3396 | D:4      | Reached XP level 7. HP: 57/57 MP: 7/7
  3542 | D:4      | Found a transporter.
  3588 | D:4      | Reached skill level 6 in Fighting
  3856 | D:4      | Reached skill level 5 in Armour
  4320 | D:5      | Entered Level 5 of the Dungeon
  4430 | D:5      | Reached XP level 8. HP: 64/65 MP: 8/8
  4436 | D:5      | Reached skill level 7 in Fighting
  4534 | D:5      | Got an ancient mace {vamp}
  4949 | D:5      | Found a staircase to the Ecumenical Temple.
  4985 | Temple   | Entered the Ecumenical Temple
  5117 | Temple   | Became a worshipper of Warmaster Okawaru
  5279 | D:6      | Reached skill level 8 in Fighting
  5450 | D:6      | Found a hazy altar of Hepliaklqana.
  5904 | D:6      | Found Irghait's Weapon Shoppe.
  5987 | D:6      | Reached * piety under Okawaru
  5997 | D:6      | Reached XP level 9. HP: 60/75 MP: 6/9
  6143 | D:6      | Reached skill level 9 in Fighting
  6944 | D:6      | HP: 3/76 [poisoned by a killer bee]
  6945 | D:6      | HP: 1/76 [poisoned by a killer bee]
  6945 | D:6      | Slain by a killer bee

Skill      XL: |  1  2  3  4  5  6  7  8  9 |
---------------+----------------------------+-----
Dodging        | 2 |  2.0
Fighting       | 3 4 5 6 8 9 |  9.3
Armour         | 1 2 3 4 5 7 8 |  8.4
Crossbows      | |  4.0
Stealth        | |  1.2

Action                   |  1- 3 |  4- 6 |  7- 9 || total
-------------------------+-------+-------+-------++-------
Melee: Short sword       |     5 |   104 |   215 ||   324
       Punch             |       |       |     1 ||     1
 Fire: Hand crossbow     |    58 |     4 |    26 ||    88
Invok: Heroism           |       |       |     3 ||     3
Evoke: Wand              |       |       |     4 ||     4
  Use: Scroll            |       |     3 |     1 ||     4
  Eat: Chunk             |       |     8 |     9 ||    17
       Ration            |       |       |     1 ||     1
Armor: Leather armour    |     3 |       |       ||     3
       Chain mail        |     5 |    11 |       ||    16
       Ring mail         |       |    35 |       ||    35
       Plate armour      |       |       |   184 ||   184
Dodge: Dodged            |    17 |    55 |    60 ||   132
